 Dungeon Crawl Stone Soup version 0.26-a0-658-gbdda728c12 (webtiles) character file.

Game seed: 12941363577955269540

89318 flotson the Protected (level 15, -13/76 HPs)
             Began as a Gargoyle Warper on Oct 4, 2020.
             Was the Champion of Fedhas.
             Killed from afar by a starcursed mass (26 damage)
             ... with an accursed screaming
             ... while paralysed by accursed screaming
             ... on level 3 of the Abyss.
             The game lasted 01:03:03 (28969 turns).

flotson the Protected (Gargoyle Warper)            Turns: 28969, Time: 01:03:04

Health: -13/76     AC: 42    Str: 18    XL:     15   Next: 53%
Magic:  15/15      EV:  2    Int: 13    God:    Fedhas [******]
Gold:   333        SH:  0    Dex: 12    Spells: 18/18 levels left

rFire    . . .     SeeInvis .   a - +0 war axe (vorpal)
rCold    . . .     Faith    +   H - +0 tower shield
rNeg     + . .     Spirit   .   Z - +6 crystal plate armour
rPois    ∞         Reflect  .   J - +1 helmet
rElec    +         Harm     .   r - scarf {+Inv}
rCorr    .         Rampage  .   z - +0 pair of fencer's gloves {Riposte Dex+3}
MR       +....                  X - +1 pair of boots
Stlth    ..........             h - amulet of faith
HPRegen  0.00/turn              F - +4 ring of evasion
MPRegen  0.14/turn              p - +4 ring of protection

@: confused, paralysed, about to teleport, flying, very slightly contaminated
A: big wings, [blurry vision 2], [deformed body], [frail 2], [low mp 3],
negative energy resistance 1, [screaming 2], electricity resistance, [inhibited
regeneration], [weak 2], unbreathing, petrification resistance, rot immunity,
[subdued magic 2], AC +11
}: 1/15 runes: abyssal
a: Stop Flying, Wall of Briars, Grow Ballistomycete, Overgrow, Grow Oklob,
Renounce Religion, Evoke Invisibility


You were on level 3 of the Abyss.
You worshipped Fedhas.
Fedhas was exalted by your worship.
You visited 4 branches of the dungeon, and saw 22 of its levels.
You visited the Abyss 1 time.
You also visited: Sewer.

You collected 2657 gold pieces.
You spent 2324 gold pieces at shops.

Inventory:

Hand Weapons
 a - a +0 vorpal war axe (weapon)
Missiles
 e - 7 boomerangs of dispersal (quivered)
 v - 5 javelins
 w - 4 atropa-tipped darts
 C - a throwing net
Armour
 r - a scarf of invisibility (worn)
 z - the +0 pair of fencer's gloves (worn) {Riposte Dex+3}
   (You acquired it on level 13 of the Dungeon)

   It affects your dexterity (+3).
 H - a +0 tower shield (worn)
 J - a +1 helmet (worn)
 X - a +1 pair of boots (worn)
 Z - a +6 crystal plate armour (worn)
Jewellery
 b - an uncursed ring of protection from magic {unknown}
 h - an amulet of faith (around neck)
 i - an uncursed amulet of reflection {unknown}
 p - a +4 ring of protection (right hand)
 F - a +4 ring of evasion (left hand)
 M - an uncursed amulet of regeneration {unknown}
Wands
 n - a wand of random effects (72)
 s - a wand of iceblast (2)
 t - a wand of flame (31)
 G - a wand of polymorph (10)
 T - a wand of paralysis (14)
 W - a wand of digging (12)
Scrolls
 d - 4 scrolls of blinking
 f - 5 scrolls of teleportation
 g - 5 scrolls of fog
 m - 2 scrolls of enchant weapon
 o - 8 scrolls of remove curse
 y - a scroll of vulnerability
 B - a scroll of fear {unknown}
 N - a scroll of holy word
 R - 3 scrolls of immolation
 V - 2 scrolls of summoning
 Y - 3 scrolls of magic mapping
Potions
 c - a potion of resistance
 j - 6 potions of lignification
 k - 4 potions of mutation
 l - 2 potions of stabbing
 q - 2 potions of berserk rage
 u - 5 potions of heal wounds
 x - a potion of invisibility
 D - a potion of cancellation
 E - 5 potions of curing
 S - 3 potions of haste
Miscellaneous
 A - a lightning rod (4/4)
 U - a phantom mirror


   Skills:
 + Level 11.3 Fighting
 + Level 11.7(11.8) Axes
   Level 3.5(9.0) Maces & Flails
 - Level 4.0 Throwing
 + Level 11.7 Armour
 + Level 8.2 Dodging
 - Level 4.0 Stealth
 + Level 10.1 Shields
 - Level 2.3 Spellcasting
   Level 2.6 Translocations
 + Level 9.8 Invocations
 + Level 8.0 Evocations


You had 18 spell levels left.
You didn't know any spells.
Your spell library contained the following spells:

 Spells                   Type           Power        Failure   Level
 Animate Skeleton         Necr           #.....       100%        1
 Apportation              Tloc           #.....       100%        1
 Corona                   Hex            #......      100%        1
 Magic Dart               Conj           #...         100%        1
 Shock                    Conj/Air       #...         100%        1
 Summon Small Mammal      Summ           #...         100%        1
 Blink                    Tloc           N/A          100%        2
 Call Imp                 Summ           #.......     100%        2
 Slow                     Hex            #.......     100%        2
 Swiftness                Air            #.......     100%        2
 Conjure Flame            Conj/Fire      #.......     100%        3
 Gell's Gravitas          Tloc           #.........   100%        3
 Lesser Beckoning         Tloc           #.........   100%        3
 Mephitic Cloud           Conj/Pois/Air  #.......     100%        3
 Static Discharge         Conj/Air       #.......     100%        3
 Teleport Other           Tloc           #.......     100%        3
 Airstrike                Air            #.........   100%        4
 Animate Dead             Necr           #.........   100%        4
 Passage of Golubria      Tloc           N/A          100%        4
 Borgnjor's Vile Clutch   Necr/Erth      #.........   100%        5
 Lightning Bolt           Conj/Air       #.........   100%        5
 Death Channel            Necr           #.........   100%        6
 Simulacrum               Ice/Necr       #.........   100%        6


Dungeon Overview and Level Annotations

Branches:
Dungeon (13/15)            Temple (1/1) D:6            Lair (6/6) D:9
  Swamp (0/4) Lair:3       Spider (0/4) Lair:4        Slime (0/5) Lair:6
    Orc (2/2) D:10            Elf (0/3) Orc:2         Sewer (visited)
 Vaults: D:13-14

Altars:
Ashenzari
Cheibriados
Dithmenos
Elyvilon
Fedhas
Gozag
Hepliaklqana
Kikubaaqudgha
Makhleb
Nemelex Xobeh
Okawaru
Qazlal
Ru
Sif Muna
Trog
Uskayaw
Vehumet
Wu Jian
Xom
Yredelemnul
Zin
The Shining One
Beogh
Jiyva

Shops:
D:4 (   D:11 !   Orc:2 =[}}

Annotations:
D:9 2 runed translucent doors, exclusion: orange crystal statue


Innate Abilities, Weirdness & Mutations

You are resistant to torment.
Your stone body is resilient. (AC +11)
You are immune to poison.
Your large and strong wings let you fly indefinitely.
You resist negative energy. (rN+)
You are resistant to electric shocks. (rElec)
You can survive without breathing.
You are immune to petrification.
You are immune to rotting.
[Scrolls take you longer to read.]
[Armour fits poorly on your strangely shaped body.]
[You are very frail. (-20% HP)]
[Your magical capacity is extremely low. (-30% MP)]
[You sometimes yell uncontrollably at your foes.]
[You do not regenerate when monsters are visible.]
[You are very weak. (Str -4)]
[Your spells are easier to cast, but less powerful.]


Message History

* * * LOW HITPOINT WARNING * * *
You suddenly lose the ability to move!
The wretched star pulses with an eldritch light!
Your connection to magic feels subdued.
Your connection to magic feels more subdued.
The starcursed mass engulfs you but does no damage.
The starcursed mass barely misses you.
The starcursed mass engulfs you but does no damage.
The tentacled starspawn bites you but does no damage.
The tentacled starspawn engulfs you but does no damage.
The starcursed mass engulfs you but does no damage.
The wretched star pulses with an eldritch light!
You feel less energetic. The starcursed mass barely misses you.
The starcursed mass engulfs you but does no damage.
The tentacled starspawn bites you but does no damage.
The tentacled starspawn engulfs you but does no damage.
A cacophony of accursed wailing tears at your sanity!
You die...
Fedhas appreciates your contribution to the ecosystem. #### ##XX#### #@XwX*.#### #XXwXXX...#

##XXX##XX...#
#..XX5..##..#
##..#X.X.X# .#
..#...*.X. .#
##..#.....#.X#
#.......##XX#
## ..##.....#


You could see 17 starcursed masses, a tentacled starspawn, 2 wretched stars, 2
starspawn tentacles and a white imp.

Vanquished Creatures
  Snorg (D:10)
  3 hydras
  The ghost of HilariousDeathArtist the Fighter, a journeyman VSBe of Trog (D:13)
  A boulder beetle (D:13)
  Erica (Orc:1)
  A catoblepas (Lair:2)
  A centaur warrior (D:13)
  3 two-headed ogres
  An orc high priest (Orc:2)
  3 unseen horrors
  A lindwurm (Lair:6)
  5 orc sorcerers
  4 ugly things
  A deep elf mage (D:12)
  18 elephants
  2 cyclopes
  6 black mambas
  Joseph (D:7)
  8 torpor snails
  21 cane toads
  A centaur skeleton (D:11)
  12 komodo dragons
  3 rime drakes
  A kobold demonologist (D:9)
  5 trolls
  9 polar bears (Lair:6)
  6 hornets
  3 tyrant leeches (Lair:6)
  A raiju (Lair:6)
  Grinder (D:6)
  9 dream sheep
  9 blink frogs
  2 redbacks (Lair:4)
  2 wraiths (D:11)
  A vampire (D:10)
  7 wyverns
  63 yaks
  2 basilisks
  8 wargs
  An acid dragon (D:11)
  23 water moccasins
  14 hell hounds (Lair:6)
  5 sky beasts
  28 orc warriors
  A phantom (D:7)
  13 black bears
  11 ogres
  4 ice beasts
  A necrophage (D:10)
  7 centaurs
  22 wolves
  16 big kobolds
  A gnoll sergeant (D:7)
  Blork the orc (D:4)
  15 bullfrogs
  A water moccasin zombie (D:10)
  A wyvern skeleton (D:10)
  A scorpion (D:9)
  A killer bee (D:10)
  13 wights
  A howler monkey (D:10)
  4 bullfrog zombies
  6 hounds
  2 quasits
  A bullfrog skeleton (D:11)
  2 centaur zombies
  A gnoll shaman (D:3)
  26 orc priests
  3 jellies
  7 hell rats
  7 iguanas
  31 orc wizards
  11 worker ants
  A killer bee zombie (D:7)
  3 hound skeletons
  A howler monkey zombie (D:11)
  2 worker ant zombies
  9 gnolls
  2 howler monkey skeletons
  9 adders
  3 shadow imps
  A white imp (D:8)
  4 ufetubi
  3 oozes (Sewer)
  An adder zombie (D:6)
  An adder skeleton (D:6)
  8 worms
  4 dart slugs
  8 leopard geckos
  78 orcs
  7 giant cockroaches
  4 goblins
  6 hobgoblins
  12 jackals
  5 quokkas
  2 ball pythons
  8 bats
  4 frilled lizards
  24 kobolds
  A leopard gecko zombie (D:8)
  8 rats
729 creatures vanquished.

Vanquished Creatures (collateral kills)
  A fire dragon (Lair:6)
  A hydra (Lair:6)
  A lindwurm (Lair:6)
  A hornet (Lair:6)
  A warg (Lair:6)
  2 big kobolds (D:9)
  2 orc wizards (Orc:2)
  13 ballistomycete spores (Lair:6)
22 creatures vanquished.

Vanquished Creatures (others)
  A large abomination (Abyss:3)
  2 ballistomycete spores (Lair:6)
  71 fungi
  110 plants
  10 starspawn tentacles (Abyss:3)
194 creatures vanquished.

Grand Total: 945 creatures vanquished

Notes
Turn   | Place    | Note
-------+----------+-------------------------------------------
     0 | D:1      | flotson the Gargoyle Warper began the quest for the Orb.
     0 | D:1      | Reached XP level 1. HP: 12/12 MP: 3/3
   247 | D:1      | Reached XP level 2. HP: 3/18 MP: 5/5
   908 | D:1      | Reached XP level 3. HP: 22/22 MP: 6/6
  1230 | D:2      | Found a white marble altar of Elyvilon.
  1402 | D:2      | Found a glowing golden altar of the Shining One.
  1944 | D:3      | Reached skill level 1 in Stealth
  1944 | D:3      | Reached XP level 4. HP: 22/27 MP: 7/7
  2065 | D:3      | Noticed an ogre
  2065 | D:3      | Noticed an orc warrior
  2143 | D:3      | Found a glowing drain.
  2175 | Sewer    | Entered a sewer
  3264 | D:3      | Reached XP level 5. HP: 32/32 MP: 8/8
  3267 | D:3      | Killed an ogre
  3267 | D:3      | Reached skill level 1 in Throwing
  3311 | D:3      | Reached XP level 6. HP: 37/37 MP: 9/9
  4315 | D:2      | Found a glowing golden altar of the Shining One.
  4415 | D:2      | Killed an orc warrior
  4415 | D:2      | Reached skill level 1 in Axes
  4962 | D:2      | Found a white marble altar of Elyvilon.
  5196 | D:4      | Reached XP level 7. HP: 42/42 MP: 10/10
  5198 | D:4      | Found Luntomm's Weapon Shoppe.
  5687 | D:4      | Noticed Blork the orc
  5699 | D:4      | Killed Blork the orc
  5971 | D:4      | Reached XP level 8. HP: 34/48 MP: 11/11
  6241 | D:5      | Entered Level 5 of the Dungeon
  6738 | D:5      | Reached skill level 5 in Axes
  6745 | D:5      | Found a shimmering blue altar of Sif Muna.
  7420 | D:5      | Got a scorched hunting sling
  7421 | D:5      | Identified the cursed +0 hunting sling "Inuystumn" {flame,
                  | +Blink rPois} (You found it on level 5 of the Dungeon)
  7663 | D:6      | Noticed Grinder
  7676 | D:6      | Killed Grinder
  7676 | D:6      | Reached skill level 1 in Shields
  7724 | D:6      | Reached skill level 5 in Armour
  7733 | D:6      | Reached XP level 9. HP: 31/53 MP: 12/12
  7917 | D:6      | Found a staircase to the Ecumenical Temple.
  7933 | Temple   | Entered the Ecumenical Temple
  8111 | D:6      | Found a bloodstained altar of Trog.
  8157 | D:6      | Found an iron altar of Okawaru.
  8313 | D:6      | Found a blossoming altar of Fedhas.
  8318 | D:6      | Became a worshipper of Fedhas Madash
  8637 | D:7      | Reached skill level 5 in Fighting
  8809 | D:7      | Noticed Joseph
  8846 | D:7      | Killed Joseph
  9302 | D:8      | Reached * piety under Fedhas
  9995 | D:9      | Reached XP level 10. HP: 60/60 MP: 13/13
 10029 | D:9      | Reached ** piety under Fedhas
 10068 | D:8      | Reached skill level 1 in Invocations
 10220 | D:9      | Reached skill level 1 in Evocations
 10369 | D:9      | Found a runed translucent door.
 10380 | D:9      | Found a runed translucent door.
 10409 | D:9      | Found a runed translucent door.
 10416 | D:9      | Noticed an orange crystal statue
 10423 | D:9      | Found a runed translucent door.
 10498 | D:9      | Found a staircase to the Lair.
 10508 | D:9      | Found a bloodstained altar of Trog.
 10937 | D:9      | Noticed a kobold demonologist
 10943 | D:9      | Killed a kobold demonologist
 11019 | D:9      | Reached *** piety under Fedhas
 11256 | D:10     | Entered Level 10 of the Dungeon
 11370 | D:10     | Found a staircase to the Orcish Mines.
 11425 | D:10     | Reached XP level 11. HP: 44/66 MP: 14/14
 11774 | D:10     | Found the +3 robe of Folly {Archmagi, MR-- Int+5}
 12167 | D:10     | Noticed a death knight
 12349 | D:10     | Noticed a cyclops
 12361 | D:10     | Killed a cyclops
 12361 | D:10     | Reached **** piety under Fedhas
 12631 | Lair:1   | Entered Level 1 of the Lair of Beasts
 13079 | Lair:1   | Reached skill level 5 in Shields
 14538 | Lair:2   | Reached XP level 12. HP: 68/73 MP: 15/15
 14539 | Lair:2   | Reached skill level 5 in Dodging
 14627 | Lair:2   | Reached skill level 5 in Invocations
 14915 | Lair:2   | Noticed a six-headed hydra
 14933 | Lair:2   | Killed a six-headed hydra
 15115 | Lair:2   | Got a polished dagger
 15115 | Lair:2   | Identified the +5 dagger of Eternal Harmony {flame, rElec}
                  | (You found it on level 2 of the Lair of Beasts)
 15302 | Lair:2   | Reached ***** piety under Fedhas
 15308 | Lair:2   | Reached skill level 10 in Axes
 15835 | Lair:2   | Noticed a catoblepas
 15881 | Lair:2   | Killed a catoblepas
 15881 | Lair:2   | Reached skill level 5 in Evocations
 16108 | Lair:3   | Found a staircase to the Swamp.
 16410 | Lair:2   | Reached XP level 13. HP: 80/80 MP: 17/17
 16864 | Lair:3   | You fall into a shaft and drop 2 floors!
 18096 | Lair:4   | Reached skill level 10 in Armour
 18116 | Lair:4   | Found a hole to the Spider Nest.
 18462 | Lair:5   | Reached ****** piety under Fedhas
 19064 | Lair:5   | You fall into a shaft and drop 1 floor!
 19064 | Lair:6   | Entered Level 6 of the Lair of Beasts
 19379 | Lair:6   | Gained mutation: Your large and strong wings let you fly
                  | indefinitely. [Gargoyle growth]
 19379 | Lair:6   | Reached XP level 14. HP: 14/87 MP: 19/19
 19801 | Lair:5   | Reached skill level 10 in Fighting
 20337 | Lair:6   | Found a staircase to the Slime Pits.
 20337 | Lair:6   | Found a viscous altar of Jiyva.
 21861 | Lair:6   | Found a runed translucent door.
 22776 | Orc:1    | Entered Level 1 of the Orcish Mines
 22954 | Orc:1    | Noticed Erica
 22986 | Orc:1    | Killed Erica
 23047 | Orc:1    | Noticed Snorg
 23126 | D:10     | Killed Snorg
 23426 | Orc:1    | Found a roughly hewn altar of Beogh.
 23789 | Orc:2    | Entered Level 2 of the Orcish Mines
 23823 | Orc:2    | Reached XP level 15. HP: 90/93 MP: 21/21
 23882 | Orc:2    | Found a staircase to the Elven Halls.
 24757 | Orc:2    | Paralysed by an orc sorcerer for 5 turns
 24885 | Orc:2    | Found Funuxzagi's Jewellery Shop.
 24885 | Orc:2    | Found Zuvaorchao's Antique Armour Shop.
 24886 | Orc:2    | Found Toecuph's Gadget Boutique.
 24889 | Orc:2    | Found Vedohama's Gadget Boutique.
 25899 | Orc:2    | Bought a glowing crystal plate armour for 2324 gold pieces
 26250 | D:11     | Found Cuataac's Distillery.
 27545 | D:12     | Reached skill level 10 in Shields
 28220 | D:13     | Identified a scroll of acquirement
 28221 | D:13     | Acquired the +0 pair of fencer's gloves {Riposte Dex+3}
 28222 | D:13     | Found the +0 pair of fencer's gloves {Riposte Dex+3}
 28238 | D:13     | Found a runed translucent gate.
 28239 | D:13     | Found a runed translucent gate.
 28240 | D:13     | Found a runed translucent gate.
 28242 | D:13     | Noticed HilariousDeathArtist's ghost (journeyman VSBe)
 28405 | D:13     | Found an iron altar of Okawaru.
 28450 | D:13     | Killed HilariousDeathArtist's ghost
 28711 | D:13     | Cast into level 3 of the Abyss (tengu warrior)
 28711 | Abyss:3  | Found a corrupted altar of Lugonu.
 28711 | Abyss:3  | Found a basalt altar of Yredelemnul.
 28744 | Abyss:3  | Got a smouldering rapier
 28745 | Abyss:3  | Identified the +6 rapier "Atotwo" {protect, rPois rN+
                  | Str-4} (You found it on level 3 of the Abyss)
 28762 | Abyss:3  | Noticed a tentacled starspawn
 28859 | Abyss:3  | Found a corrupted altar of Lugonu.
 28941 | Abyss:3  | Noticed a tentacled starspawn
 28949 | Abyss:3  | Noticed a tentacled starspawn
 28951 | Abyss:3  | Paralysed by accursed screaming for 2 turns
 28958 | Abyss:3  | Got an abyssal rune of Zot
 28960 | Abyss:3  | HP: 1/76 [starcursed mass/accursed screaming (6)]
 28968 | Abyss:3  | Paralysed by accursed screaming for 2 turns
 28969 | Abyss:3  | Killed from afar by a starcursed mass

Illustrated notes

Levels and vault maps discovered:
D:1:      dpeg_arrival_short_road, layout_loops_cross, bh_walls_and_bars
D:2:      layout_loops_corners, old_standard_altar, elyvilon_altar_1
D:3:      layout_basic, portal_sewer_entry_a, minmay_misc_feat_secret_circle
D:4:      layout_gridville, serial_shops, nicolae_shop_trees, st_stairs_6,
          uniq_blork_the_orc
D:5:      layout_layer_cave, marbit_many_paths
D:6:      layout_cave_pools, kennysheep_little_box, kennysheep_okawaru_gauntlet,
          minmay_temple_entry_overgrown, bloody_trog, uniq_grinder
D:7:      layout_loops_ring, minmay_a_box_with_orc_wizards_in_it, uniq_joseph
D:8:      layout_gridville
D:9:      layout_basic, lemuel_round_altar, dpeg_oklobed_lair, special_room
          [special_room_kobold], minmay_stone_trees_medium,
          minmay_statue_crystal_thing
D:10:     layout_gridville, orc_0_dummy, chequers_garden,
          minmay_mirror_moons_of_madness
D:11:     layout_rooms, serial_shops, nicolae_shop_statue_plus
D:12:     layout_rooms
D:13:     layout_loops_ring, gammafunk_ghost_fury_of_okawaru,
          minmay_variable_closet
Temple:   regret_index_temple_sphere_string
Lair:1:   layout_regular_city
Lair:2:   layout_long_grid, minmay_holes, grunt_megastairs_4,
          infiniplex_staircase_pool
Lair:3:   layout_hall_layers, swamp_mist_pool, beast_lair_carwin_2
Lair:4:   layout_roguey, spider_nest_entry_webs
Lair:5:   layout_loops_ring, serial_forest, infiniplex_forest_lined_2,
          infiniplex_forest_lined_corner, infiniplex_forest_straight_2,
          infiniplex_forest_corner_1, infiniplex_forest_corner_2,
          infiniplex_forest_end_3, infiniplex_forest_clump_medium,
          minmay_hedge_maze, lemuel_fruit_tree
Lair:6:   wormcave, layout_cave_shapes, hangedman_lair_caniforms_friends,
          slime_altar_1, patterned_corridor
Orc:1:    layout_diamond_mine, basic_altar, uniq_erica, uniq_snorg
Orc:2:    st_orc_mages, layout_caves, lightli_orcish_oven
Abyss:3:  base: D:5, nicolae_abyss_rune_left_handed, lemuel_flamethrower_3,
          evilmike_abyss_exit_chaos, evilmike_abyss_rune_ettins,
          lemuel_flamethrower_hall, nicolae_abyss_rune_star_stuff

Skill      XL: |  1  2  3  4  5  6  7  8  9 10 11 12 13 14 15 |
---------------+----------------------------------------------+-----
Stealth        | 1 2 4 |  4.0
Maces & Flails | 3 |  3.5
Armour         | 2 3 4 5 6 7 8 9 10 11 | 11.7
Dodging        | 2 3 4 5 6 7 8 |  8.2
Fighting       | 3 4 5 6 7 8 9 10 11 | 11.3
Throwing       | 1 2 4 |  4.0
Axes           | 1 4 6 8 9 10 11 | 11.7
Shields        | 1 2 4 5 7 8 9 10 | 10.1
Invocations    | 2 4 6 7 9 |  9.8
Evocations     | 2 3 5 6 7 8 |  8.0
Spellcasting   | |  2.3
Translocations | |  2.6

Action                   |  1- 3 |  4- 6 |  7- 9 | 10-12 | 13-15 || total
-------------------------+-------+-------+-------+-------+-------++-------
Melee: Mace              |   126 |   120 |       |       |       ||   246
       War axe           |       |    83 |   490 |  1006 |  1930 ||  3509
 Fire: Hunting sling     |       |       |       |    44 |     6 ||    50
Throw: Javelin           |       |    15 |       |     5 |    25 ||    45
       Throwing net      |       |     1 |       |     2 |       ||     3
       Boomerang         |       |     1 |       |       |     2 ||     3
       Dart              |       |       |       |    39 |    19 ||    58
Invok: Wall of Briars    |       |       |       |     3 |     7 ||    10
       Grow Ballistomyce |       |       |       |       |     5 ||     5
       Grow Oklob        |       |       |       |       |     4 ||     4
 Abil: Fly               |       |       |       |       |     1 ||     1
       Evoke Invisibilit |       |       |       |       |     1 ||     1
Evoke: Wand              |       |     1 |       |       |     3 ||     4
  Use: Potion            |       |     2 |       |       |     4 ||     6
       Scroll            |       |     2 |    10 |     7 |    23 ||    42
 Stab: Sleeping          |     7 |     2 |       |       |       ||     9
       Held in net/web   |       |     1 |       |       |       ||     1
       Petrified         |       |       |       |     3 |       ||     3
Armor: Leather armour    |    29 |       |       |       |       ||    29
       Ring mail         |    10 |   217 |       |       |       ||   227
       Plate armour      |       |     4 |   414 |   698 |   909 ||  2025
       Crystal plate arm |       |       |       |       |   364 ||   364
Dodge: Dodged            |    72 |   233 |   253 |   332 |   661 ||  1551
Block: Buckler           |     1 |    49 |    89 |    10 |       ||   149
       Tower shield      |       |       |       |   813 |  1903 ||  2716
       Rpst.: War axe    |       |       |       |       |     6 ||     6

Table legend: (Time is in decaauts)
 A = Elapsed time spent in this place.
 B = Non-inter-level travel time spent in this place.
 C = Inter-level travel time spent in this place.
 D = Time resting spent in this place.
 E = Time spent auto-exploring this place.
 F = Levels seen in this place.
 G = Mean time per level.
                   A        B        C        D        E       F      G
               +--------+--------+--------+--------+--------+-----+--------+
         Total |  29754 |  28549 |   1205 |   3209 |  17927 |  24 | 1239.8 |
       Dungeon |  15088 |  14566 |    522 |   1018 |   9940 |  13 | 1160.6 |
        Temple |    141 |    122 |     19 |      0 |    122 |   1 |  141.0 |
          Lair |  10412 |   9981 |    431 |   1379 |   5872 |   6 | 1735.3 |
  Orcish Mines |   2594 |   2362 |    232 |    494 |   1224 |   2 | 1297.0 |
         Abyss |    256 |    256 |      0 |    112 |     13 |   1 |  256.0 |
         Sewer |   1261 |   1261 |      0 |    206 |    755 |   1 | 1261.0 |
               +--------+--------+--------+--------+--------+-----+--------+

Top non-repeatable levels by time:
  Lair:6: 3100 daAuts
  Lair:1: 1986 daAuts
  Lair:2: 1985 daAuts
     D:2: 1944 daAuts
    D:10: 1692 daAuts
     D:9: 1587 daAuts
     D:3: 1484 daAuts
   Orc:1: 1422 daAuts
     D:5: 1413 daAuts
  Lair:5: 1287 daAuts
   Sewer: 1261 daAuts
   Orc:2: 1171 daAuts
    D:11: 1158 daAuts
  Lair:3: 1033 daAuts
  Lair:4: 1020 daAuts
